 Dungeon Crawl Stone Soup version 0.25-a0-700-g7f8a7979f0 (webtiles) character file.

Game seed: 5192190826815446204, levelgen mode: deterministic

58 Esekla the Grasshopper (level 3, -1/18 HPs)
             Began as a Spriggan Warper on Apr 2, 2020.
             Slain by a shadow imp (4 damage)
             ... on level 3 of the Dungeon.
             The game lasted 00:16:37 (2423 turns).

Esekla the Grasshopper (Spriggan Warper)            Turns: 2423, Time: 00:16:37

Health: -1/18      AC:  2    Str:  8    XL:     3   Next: 76%
Magic:  9/9        EV: 19    Int: 14    God:
Gold:   56         SH:  0    Dex: 15    Spells: 5/9 levels left

rFire    . . .     SeeInvis +   j - -1 short sword (curse)
rCold    . . .     Gourm    .   (shield restricted)
rNeg     . . .     Faith    .   b - +0 robe
rPois    +         Spirit   .   (helmet restricted)
rElec    .         Reflect  .   (no cloak)
rCorr    .         Harm     .   (gloves unavailable)
MR       .....                  (boots unavailable)
Stlth    ++........             (no amulet)
HPRegen  0.06/turn              c - ring of poison resistance
MPRegen  0.11/turn              (no ring)

@: very quick
A: very small, unfitting armour, see invisible, herbivore, speed 3, slow
metabolism 2
a: no special abilities


You were on level 3 of the Dungeon.
You were not hungry.

You visited 1 branch of the dungeon, and saw 3 of its levels.

You collected 56 gold pieces.

Inventory:

Hand Weapons
 a - a +0 short sword
 j - a cursed -1 short sword (weapon)
Missiles
 e - 5 boomerangs of dispersal (quivered)
Armour
 b - a +0 robe (worn)
Jewellery
 c - a ring of poison resistance (left hand)
Scrolls
 d - a scroll of blinking
 i - a scroll of identify
Potions
 h - a potion of might
Comestibles
 f - 3 rations


   Skills:
 - Level 1.7 Fighting
 * Level 3.2 Short Blades
 + Level 1.0 Throwing
 + Level 4.2 Dodging
 + Level 0.8 Stealth
 * Level 3.7 Spellcasting
 * Level 0.2 Charms
 - Level 4.4 Translocations


You had 5 spell levels left.
You knew the following spells:

 Your Spells              Type           Power        Failure   Level  Hunger
a - Shroud of Golubria    Chrm/Tloc      #.....       12%         2    ##.....
b - Blink                 Tloc           N/A          4%          2    ##.....

Your spell library contained the following spells:

 Spells                   Type           Power        Failure   Level  Hunger
 Gell's Gravitas          Tloc           ##........   10%         3    ###....
 Lesser Beckoning         Tloc           ##........   10%         3    ###....
 Teleport Other           Tloc           ##......     10%         3    ###....
 Passage of Golubria      Tloc           N/A          32%         4    ####...


Dungeon Overview and Level Annotations

Branches:
Dungeon (3/15)

Altars:


Innate Abilities, Weirdness & Mutations

You are very small and have problems with some larger weapons.
You are too small for most types of armour.
You have supernaturally acute eyesight. (SInv)
You are a herbivore.
You cover ground extremely quickly.
You need to consume almost no food.


Message History

The shadow imp is heavily wounded.
The bat misses you. The shadow imp closely misses you.
The bat barely misses you.
You hit the shadow imp.
The shadow imp is severely wounded.
The bat hits you.
* * * LOW HITPOINT WARNING * * *
A rat comes into view.
The shadow imp closely misses you.
You hit the shadow imp but do no damage.
The shadow imp is severely wounded.
The bat hits you.
* * * LOW HITPOINT WARNING * * *
The bat hits you.
* * * LOW HITPOINT WARNING * * *
The shadow imp misses you.
You hit the shadow imp.
The shadow imp is almost dead.
The bat misses you. The shadow imp hits you.
You die...

#.# #.###############
##.............#..
.#.###########.#.#
.#.#...........#.# #####
.#.#.###########.##......
5#.#.# #..........#
w.5..# #.#.##..####
####.#########.#@##..#
..............g5.....#
####.#########.##.......
#.# #...#.# .#..### # #.#
#.#.#.# .#.... . ..#
#.#.#.# r# ####
##########.#.#.# .#
#.g..g.5†....#.# .# #.#
#.########.###.# .#.#.


You could see a shadow imp, a hobgoblin and a rat.

Vanquished Creatures
  An adder (D:2)
  A dart slug (D:1)
  3 leopard geckos
  13 bats
  3 giant cockroaches
  6 goblins
  2 hobgoblins (D:1)
  3 jackals (D:2)
  2 kobolds (D:1)
  2 frilled lizards (D:1)
  7 rats
43 creatures vanquished.

Notes
Turn   | Place    | Note
-------+----------+-------------------------------------------
     0 | D:1      | Esekla the Spriggan Warper began the quest for the Orb.
     0 | D:1      | Reached XP level 1. HP: 10/10 MP: 5/5
   137 | D:1      | Reached XP level 2. HP: 15/15 MP: 7/7
   329 | D:1      | Learned a level 2 spell: Blink
   412 | D:1      | Learned a level 2 spell: Shroud of Golubria
   772 | D:1      | You fall into a shaft and drop 1 floor!
   884 | D:2      | Reached XP level 3. HP: 17/18 MP: 9/9
  2423 | D:3      | Slain by a shadow imp

Levels and vault maps discovered:
D:1:      dpeg_arrival_prison, layout_basic
D:2:      layout_loops_ring, first_ration
D:3:      layout_basic, portal_sewer_entry_e

Skill      XL: |  1  2  3 |
---------------+----------+-----
Spellcasting   | 3 |  3.7
Dodging        | 4 |  4.2
Short Blades   | 3 |  3.2
Fighting       | |  1.7
Throwing       | |  1.0
Stealth        | |  0.8
Charms         | |  0.2
Translocations | |  4.4

Action                   || total
-------------------------++-------
Melee: Short sword       ||   262
 Cast: Shroud of Golubri ||    10
       Blink             ||     2
  Use: Scroll            ||     2
 Stab: Sleeping          ||     2
Armor: Robe              ||    26
Dodge: Dodged            ||   267

Table legend:
 A = Non-vault XP
 B = Vault XP
 C = Vault XP percentage of total XP
 D = Non-vault monster count
 E = Vault monster count
 F = Vault count percentage of total count
                 A         B        C        D         E       F
            +---------+---------+-------+---------+---------+-------
      Total |      79 |       5 |   6.0 |      40 |       3 |   7.0
            +---------+---------+-------+---------+---------+-------
        D:1 |      43 |       5 |  10.4 |      25 |       3 |  10.7
        D:2 |      35 |       0 |   0.0 |      14 |       0 |   0.0
        D:3 |       1 |       0 |   0.0 |       1 |       0 |   0.0
            +---------+---------+-------+---------+---------+-------
